[ AOE2 MATCH · #483589292 ]
UnrankedFranks vs Spanish
[ REPLAY ANALYSIS · EXTRACTED FROM THE RECORDED GAME ]
Feudal
9:45
Castle
—
Imperial
—
| APM avg | 29.5 |
| APM peak | 66 |
| eAPM avg | 10.7 |
| Villagers / military | 41 / 9 |
Focus
⚔️ 12.4% · 🌾 87.6%
Scout Cavalry ×9
Feudal
12:25
Castle
—
Imperial
—
| APM avg | 34.5 |
| APM peak | 74 |
| eAPM avg | 16.3 |
| Villagers / military | 41 / 0 |
Focus
⚔️ 40.0% · 🌾 60.0%
Unknown (37) ×9
Feudal
9:45
Castle
—
Imperial
—
| APM avg | 36.5 |
| APM peak | 68 |
| eAPM avg | 11.7 |
| Villagers / military | 40 / 18 |
Focus
⚔️ 27.7% · 🌾 72.3%
Archer ×18
Feudal
9:37
Castle
—
Imperial
—
| APM avg | 65.9 |
| APM peak | 85 |
| eAPM avg | 24.8 |
| Villagers / military | 37 / 13 |
Focus
⚔️ 33.2% · 🌾 66.8%
Militia ×13
Feudal
11:03
Castle
—
Imperial
—
| APM avg | 41.5 |
| APM peak | 70 |
| eAPM avg | 16.2 |
| Villagers / military | 41 / 0 |
Focus
⚔️ 17.6% · 🌾 82.4%
Feudal
9:18
Castle
—
Imperial
—
| APM avg | 71.8 |
| APM peak | 108 |
| eAPM avg | 20.8 |
| Villagers / military | 43 / 5 |
Focus
⚔️ 34.6% · 🌾 65.4%
Scout Cavalry ×5
Feudal
10:46
Castle
15:11
Imperial
—
| APM avg | 33.6 |
| APM peak | 60 |
| eAPM avg | 13.8 |
| Villagers / military | 41 / 0 |
Focus
⚔️ 27.4% · 🌾 72.6%
Unknown (1952) ×2
Feudal
9:36
Castle
—
Imperial
—
| APM avg | 38.3 |
| APM peak | 86 |
| eAPM avg | 13.2 |
| Villagers / military | 36 / 11 |
Focus
⚔️ 37.6% · 🌾 62.4%
Archer ×11
Match map
Initial resources + every placement click. Lines = walls · curves = elevation contours. ◆ gold · ⬟ stone · ● berries · ✦ relic · ◌ wall gap
Your base· Open — unwalled flank
MineirodeOuro's base· ✓ Closed at 12:00 · 80t walls · 1 gate(s)
BiasIce6620's base· ✓ Closed at 12:00 · 0t walls · no gate
IndiosAnónimos's base· Open — unwalled flank
76561199110440399's base· ✓ Closed at 12:00 · 28t walls · 1 gate(s)
Kolor Peru's base· Open — unwalled flank
cls's base· ✓ Closed at 15:11 · 0t walls · no gate
mitocondria's base· Open — unwalled flank
Smoothed initial terrain · ◌ = detected wall gap · hover for details
Inputs per minute
— Chchn - - MineirodeOuro
Build order — Chchn
91 actions detected in the replay
| 0:01 | Create | Villager (Male) |
| 0:01 | Create | Villager (Male) |
| 0:01 | Create | Villager (Male) |
| 0:02 | Build | House |
| 0:04 | Build | House |
| 0:27 | Create | Villager (Male) |
| 0:27 | Create | Villager (Male) |
| 1:23 | Create | Villager (Male) |
| 1:58 | Create | Villager (Male) |
| 1:59 | Create | Villager (Male) |
| 2:14 | Build | Lumber Camp |
| 2:19 | Create | Villager (Male) |
| 2:19 | Create | Villager (Male) |
| 2:54 | Create | Villager (Male) |
| 2:54 | Create | Villager (Male) |
| 3:01 | Create | Villager (Male) |
| 3:38 | Create | Villager (Male) |
| 4:04 | Create | Villager (Male) |
| 4:04 | Create | Villager (Male) |
| 4:15 | Build | House |
| 4:41 | Create | Villager (Male) |
| 4:46 | Build | Mill |
| 5:23 | Create | Villager (Male) |
| 5:45 | Create | Villager (Male) |
| 6:04 | Create | Villager (Male) |
| 6:05 | Create | Villager (Male) |
| 6:34 | Research | Loom |
| 7:35 | Research | Feudal Age |
| 8:16 | Build | House |
| 8:21 | Build | Barracks |
| 8:29 | Create | Villager (Male) |
| 9:45 | Age | Feudal Age |
| 9:51 | Build | Stable |
| 10:15 | Create | Villager (Male) |
| 10:20 | Create | Villager (Male) |
| 10:29 | Research | Double-Bit Axe |
| 10:38 | Create | Villager (Male) |
| 10:46 | Build | Farm |
| 10:47 | Create | Scout Cavalry |
| 10:51 | Build | House |
| 10:58 | Build | Farm |
| 11:03 | Create | Villager (Male) |
| 11:14 | Create | Scout Cavalry |
| 11:15 | Create | Villager (Male) |
| 11:21 | Build | Farm |
| 11:27 | Build | House |
| 11:29 | Build | House |
| 11:31 | Build | House |
| 11:41 | Create | Scout Cavalry |
| 11:42 | Create | Scout Cavalry |
| 11:45 | Build | Farm |
| 12:22 | Create | Scout Cavalry |
| 12:22 | Create | Scout Cavalry |
| 12:23 | Create | Villager (Male) |
| 12:26 | Build | Farm |
| 12:27 | Build | Farm |
| 12:29 | Build | Farm |
| 12:59 | Build | Blacksmith |
| 13:02 | Build | House |
| 13:42 | Create | Villager (Male) |
| 13:42 | Create | Villager (Male) |
| 13:42 | Create | Villager (Male) |
| 13:43 | Create | Villager (Male) |
| 14:20 | Create | Villager (Male) |
| 14:21 | Create | Villager (Male) |
| 14:23 | Build | Farm |
| 14:27 | Build | Farm |
| 14:35 | Build | Market |
| 15:02 | Research | Forging |
| 15:28 | Create | Villager (Male) |
| 15:28 | Create | Villager (Male) |
| 15:33 | Build | Farm |
| 15:33 | Build | Farm |
| 15:33 | Build | Farm |
| 15:33 | Build | Farm |
| 15:38 | Create | Villager (Male) |
| 16:09 | Build | Farm |
| 16:11 | Build | Mining Camp |
| 16:14 | Create | Villager (Male) |
| 16:14 | Create | Villager (Male) |
| 16:14 | Create | Villager (Male) |
| 16:40 | Create | Villager (Male) |
| 16:45 | Build | Farm |
| 16:54 | Build | Farm |
| 16:55 | Build | Farm |
| 16:55 | Build | Farm |
| 16:57 | Build | Farm |
| 17:24 | Create | Scout Cavalry |
| 17:25 | Create | Scout Cavalry |
| 17:25 | Create | Scout Cavalry |
| 17:35 | Research | Scale Barding Armor |
Build order — MineirodeOuro
96 actions detected in the replay
| 0:00 | Create | Unit 37 |
| 0:01 | Create | Unit 37 |
| 0:02 | Create | Villager (Male) |
| 0:02 | Create | Villager (Male) |
| 0:02 | Create | Villager (Male) |
| 0:02 | Create | Villager (Male) |
| 0:05 | Build | House |
| 0:06 | Build | House |
| 1:40 | Create | Villager (Male) |
| 2:05 | Create | Villager (Male) |
| 2:05 | Create | Unit 37 |
| 2:05 | Create | Villager (Male) |
| 2:16 | Create | Villager (Male) |
| 2:41 | Build | Lumber Camp |
| 3:10 | Create | Villager (Male) |
| 3:10 | Create | Villager (Male) |
| 3:10 | Create | Villager (Male) |
| 3:28 | Build | House |
| 3:33 | Create | Villager (Male) |
| 3:33 | Create | Villager (Male) |
| 3:57 | Build | House |
| 4:03 | Build | Palisade Wall |
| 4:07 | Create | Villager (Male) |
| 4:08 | Create | Villager (Male) |
| 4:08 | Create | Villager (Male) |
| 4:33 | Build | House |
| 4:48 | Build | Palisade Wall |
| 4:55 | Create | Villager (Male) |
| 4:55 | Create | Villager (Male) |
| 5:24 | Create | Villager (Male) |
| 5:48 | Create | Villager (Male) |
| 5:57 | Build | Mill |
| 6:01 | Create | Villager (Male) |
| 6:38 | Build | Palisade Wall |
| 6:54 | Create | Villager (Male) |
| 6:54 | Create | Villager (Male) |
| 6:55 | Build | Palisade Wall |
| 7:32 | Build | Palisade Wall |
| 7:34 | Create | Villager (Male) |
| 7:46 | Create | Villager (Male) |
| 8:07 | Build | Mining Camp |
| 8:21 | Create | Villager (Male) |
| 8:43 | Create | Villager (Male) |
| 8:45 | Build | House |
| 9:06 | Build | House |
| 9:12 | Build | Palisade Wall |
| 9:16 | Build | Palisade Wall |
| 9:24 | Create | Villager (Male) |
| 9:24 | Create | Unit 37 |
| 9:35 | Research | Feudal Age |
| 9:44 | Research | Loom |
| 9:45 | Research | Feudal Age |
| 9:50 | Build | Farm |
| 9:53 | Build | Farm |
| 10:01 | Build | Palisade Wall |
| 10:11 | Build | Palisade Wall |
| 10:24 | Build | Palisade Gate |
| 10:25 | Build | Palisade Wall |
| 10:39 | Build | Palisade Wall |
| 11:01 | Build | Palisade Wall |
| 11:22 | Build | Palisade Wall |
| 11:38 | Build | Mining Camp |
| 12:25 | Age | Feudal Age |
| 12:25 | Create | Villager (Male) |
| 12:26 | Create | Unit 37 |
| 12:32 | Build | Stone Wall |
| 12:39 | Build | Watch Tower |
| 12:44 | Build | Watch Tower |
| 12:46 | Create | Villager (Male) |
| 12:59 | Build | Farm |
| 13:14 | Create | Unit 37 |
| 13:14 | Create | Villager (Male) |
| 13:14 | Create | Villager (Male) |
| 13:27 | Build | Stone Wall |
| 13:32 | Build | Farm |
| 13:44 | Build | Stone Wall |
| 13:50 | Build | Stone Wall |
| 13:52 | Create | Villager (Male) |
| 14:23 | Create | Villager (Male) |
| 14:26 | Build | Farm |
| 14:28 | Build | Farm |
| 14:47 | Build | Farm |
| 14:54 | Create | Unit 37 |
| 14:54 | Create | Unit 37 |
| 14:55 | Create | Villager (Male) |
| 14:55 | Create | Unit 37 |
| 14:59 | Create | Villager (Male) |
| 15:04 | Build | House |
| 15:12 | Create | Villager (Male) |
| 15:23 | Create | Villager (Male) |
| 15:32 | Create | Villager (Male) |
| 15:45 | Build | Mill |
| 15:57 | Build | Palisade Wall |
| 16:04 | Build | Watch Tower |
| 16:27 | Create | Villager (Male) |
| 16:37 | Create | Villager (Male) |
Build order — BiasIce6620
90 actions detected in the replay
| 0:01 | Create | Villager (Male) |
| 0:01 | Create | Villager (Male) |
| 0:01 | Create | Villager (Male) |
| 0:01 | Create | Villager (Male) |
| 0:03 | Build | House |
| 0:04 | Build | House |
| 1:24 | Create | Villager (Male) |
| 1:24 | Create | Villager (Male) |
| 2:01 | Build | Lumber Camp |
| 2:02 | Create | Villager (Male) |
| 2:03 | Create | Villager (Male) |
| 2:21 | Create | Villager (Male) |
| 2:22 | Create | Villager (Male) |
| 2:47 | Create | Villager (Male) |
| 3:03 | Create | Villager (Male) |
| 3:03 | Create | Villager (Male) |
| 3:39 | Build | House |
| 3:40 | Build | House |
| 3:42 | Build | House |
| 3:45 | Create | Villager (Male) |
| 3:45 | Create | Villager (Male) |
| 4:08 | Create | Villager (Male) |
| 4:08 | Create | Villager (Male) |
| 4:32 | Build | Mill |
| 4:38 | Create | Villager (Male) |
| 4:39 | Create | Villager (Male) |
| 4:39 | Create | Villager (Male) |
| 4:39 | Create | Villager (Male) |
| 5:15 | Create | Villager (Male) |
| 5:15 | Create | Villager (Male) |
| 5:44 | Create | Villager (Male) |
| 5:44 | Create | Villager (Male) |
| 6:08 | Create | Villager (Male) |
| 6:08 | Create | Villager (Male) |
| 6:32 | Create | Villager (Male) |
| 6:33 | Create | Villager (Male) |
| 6:59 | Research | Loom |
| 7:35 | Research | Feudal Age |
| 7:42 | Build | Barracks |
| 8:09 | Build | Mining Camp |
| 9:25 | Create | Villager (Male) |
| 9:45 | Age | Feudal Age |
| 9:48 | Build | Archery Range |
| 9:51 | Build | Blacksmith |
| 9:52 | Create | Villager (Male) |
| 10:02 | Research | Double-Bit Axe |
| 10:14 | Create | Villager (Male) |
| 10:48 | Create | Archer |
| 10:48 | Create | Archer |
| 10:48 | Create | Archer |
| 10:56 | Create | Villager (Male) |
| 11:09 | Research | Fletching |
| 11:14 | Build | Archery Range |
| 11:40 | Create | Villager (Male) |
| 11:59 | Create | Archer |
| 12:25 | Create | Villager (Male) |
| 12:31 | Create | Archer |
| 12:33 | Create | Archer |
| 12:34 | Create | Archer |
| 12:34 | Create | Archer |
| 12:47 | Research | Padded Archer Armor |
| 12:49 | Create | Villager (Male) |
| 13:06 | Build | Lumber Camp |
| 14:01 | Create | Villager (Male) |
| 14:03 | Create | Villager (Male) |
| 14:30 | Create | Villager (Male) |
| 14:34 | Research | Wheelbarrow |
| 15:09 | Create | Archer |
| 15:09 | Create | Archer |
| 15:09 | Create | Archer |
| 15:10 | Create | Archer |
| 15:11 | Create | Archer |
| 15:12 | Create | Archer |
| 15:31 | Build | Farm |
| 15:35 | Build | Farm |
| 15:36 | Build | Farm |
| 15:38 | Build | Farm |
| 15:40 | Research | Horse Collar |
| 15:40 | Research | Horse Collar |
| 15:44 | Create | Archer |
| 15:50 | Build | House |
| 15:51 | Build | House |
| 15:52 | Build | House |
| 16:44 | Create | Villager (Male) |
| 16:55 | Build | Farm |
| 16:56 | Build | Farm |
| 16:57 | Build | Farm |
| 17:23 | Create | Archer |
| 17:23 | Create | Archer |
| 17:24 | Create | Archer |
Build order — IndiosAnónimos
97 actions detected in the replay
| 0:01 | Create | Villager (Male) |
| 0:02 | Create | Villager (Male) |
| 0:02 | Create | Villager (Male) |
| 0:02 | Build | House |
| 0:04 | Build | House |
| 0:06 | Create | Villager (Male) |
| 1:25 | Create | Villager (Male) |
| 1:53 | Build | Lumber Camp |
| 2:03 | Create | Villager (Male) |
| 2:17 | Create | Villager (Male) |
| 2:18 | Create | Villager (Male) |
| 2:18 | Create | Villager (Male) |
| 2:51 | Create | Villager (Male) |
| 3:03 | Create | Villager (Male) |
| 3:44 | Create | Villager (Male) |
| 4:09 | Create | Villager (Male) |
| 4:11 | Build | House |
| 4:28 | Create | Villager (Male) |
| 4:43 | Build | House |
| 5:13 | Create | Villager (Male) |
| 5:36 | Create | Villager (Male) |
| 6:03 | Create | Villager (Male) |
| 6:03 | Research | Loom |
| 6:37 | Create | Villager (Male) |
| 6:44 | Build | Mill |
| 7:00 | Create | Villager (Male) |
| 7:02 | Build | Mining Camp |
| 7:15 | Research | Feudal Age |
| 7:15 | Research | Feudal Age |
| 8:50 | Build | Barracks |
| 8:58 | Create | Villager (Male) |
| 9:03 | Build | House |
| 9:05 | Build | Palisade Wall |
| 9:37 | Age | Feudal Age |
| 9:51 | Create | Militia |
| 9:58 | Create | Villager (Male) |
| 10:12 | Create | Villager (Male) |
| 10:18 | Build | Watch Tower |
| 10:21 | Research | Man-at-Arms (upgrade) |
| 10:22 | Create | Militia |
| 10:39 | Create | Militia |
| 10:43 | Create | Villager (Male) |
| 10:46 | Build | Barracks |
| 10:54 | Build | House |
| 10:55 | Build | Palisade Wall |
| 11:22 | Create | Villager (Male) |
| 11:22 | Create | Villager (Male) |
| 12:05 | Create | Villager (Male) |
| 12:07 | Create | Militia |
| 12:08 | Create | Militia |
| 12:35 | Create | Militia |
| 12:35 | Create | Militia |
| 12:35 | Create | Villager (Male) |
| 12:56 | Create | Villager (Male) |
| 12:57 | Create | Militia |
| 12:57 | Create | Militia |
| 12:59 | Build | Farm |
| 12:59 | Build | Farm |
| 13:00 | Build | Farm |
| 13:00 | Build | Farm |
| 13:00 | Build | Farm |
| 13:00 | Build | Farm |
| 13:00 | Build | Farm |
| 13:01 | Build | Farm |
| 13:03 | Build | House |
| 13:16 | Create | Militia |
| 13:23 | Build | Blacksmith |
| 13:27 | Create | Villager (Male) |
| 13:28 | Build | Farm |
| 13:53 | Create | Villager (Male) |
| 13:54 | Create | Villager (Male) |
| 14:24 | Build | Mining Camp |
| 14:25 | Create | Villager (Male) |
| 14:28 | Create | Militia |
| 14:28 | Create | Militia |
| 14:45 | Create | Militia |
| 15:15 | Create | Villager (Male) |
| 15:16 | Build | Farm |
| 15:16 | Build | Farm |
| 15:16 | Build | Farm |
| 15:16 | Build | Farm |
| 15:16 | Build | Farm |
| 15:38 | Create | Villager (Male) |
| 15:43 | Build | House |
| 15:45 | Build | House |
| 15:49 | Build | Farm |
| 16:12 | Build | Farm |
| 16:24 | Build | Farm |
| 16:32 | Build | House |
| 16:33 | Create | Villager (Male) |
| 16:33 | Create | Villager (Male) |
| 16:38 | Build | Palisade Wall |
| 16:51 | Build | Watch Tower |
| 16:57 | Build | Farm |
| 17:05 | Create | Villager (Male) |
| 17:11 | Build | House |
| 17:12 | Build | Palisade Wall |
Build order — 76561199110440399
90 actions detected in the replay
| 0:01 | Create | Villager (Male) |
| 0:01 | Create | Villager (Male) |
| 0:03 | Build | House |
| 0:05 | Build | House |
| 0:25 | Create | Villager (Male) |
| 0:25 | Create | Villager (Male) |
| 1:28 | Create | Villager (Male) |
| 1:29 | Create | Villager (Male) |
| 2:04 | Create | Villager (Male) |
| 2:04 | Create | Villager (Male) |
| 2:04 | Create | Villager (Male) |
| 2:13 | Build | Lumber Camp |
| 2:20 | Create | Villager (Male) |
| 2:20 | Create | Villager (Male) |
| 2:58 | Create | Villager (Male) |
| 2:58 | Create | Villager (Male) |
| 2:58 | Create | Villager (Male) |
| 3:21 | Create | Villager (Male) |
| 3:21 | Create | Villager (Male) |
| 3:40 | Build | House |
| 3:49 | Research | Loom |
| 3:49 | Research | Loom |
| 4:00 | Create | Villager (Male) |
| 4:00 | Create | Villager (Male) |
| 4:00 | Create | Villager (Male) |
| 4:42 | Build | Mill |
| 5:05 | Create | Villager (Male) |
| 5:05 | Create | Villager (Male) |
| 5:05 | Create | Villager (Male) |
| 5:19 | Create | Villager (Male) |
| 5:19 | Create | Villager (Male) |
| 5:19 | Create | Villager (Male) |
| 5:25 | Build | House |
| 6:03 | Build | Palisade Wall |
| 6:06 | Build | Palisade Wall |
| 6:10 | Create | Villager (Male) |
| 6:19 | Create | Villager (Male) |
| 6:56 | Build | Palisade Wall |
| 7:06 | Create | Villager (Male) |
| 7:33 | Create | Villager (Male) |
| 7:40 | Build | House |
| 7:56 | Create | Villager (Male) |
| 8:22 | Create | Villager (Male) |
| 8:36 | Build | Palisade Wall |
| 8:53 | Research | Feudal Age |
| 8:53 | Research | Feudal Age |
| 8:56 | Build | Mining Camp |
| 9:22 | Build | Farm |
| 10:23 | Build | Palisade Gate |
| 10:26 | Build | Palisade Wall |
| 10:33 | Build | Farm |
| 10:38 | Create | Villager (Male) |
| 10:52 | Build | Palisade Wall |
| 11:03 | Age | Feudal Age |
| 11:04 | Build | Palisade Wall |
| 11:09 | Build | Watch Tower |
| 11:19 | Research | Town Watch |
| 11:20 | Research | Town Watch |
| 11:26 | Build | Lumber Camp |
| 12:11 | Research | Wheelbarrow |
| 12:11 | Research | Wheelbarrow |
| 12:25 | Build | Mining Camp |
| 12:29 | Build | Farm |
| 12:53 | Build | Farm |
| 12:54 | Build | Farm |
| 12:56 | Create | Villager (Male) |
| 13:01 | Build | Farm |
| 13:19 | Build | House |
| 13:21 | Build | House |
| 13:24 | Build | House |
| 13:33 | Build | House |
| 13:38 | Build | Palisade Wall |
| 13:40 | Build | Palisade Wall |
| 13:42 | Build | Palisade Wall |
| 13:44 | Build | Palisade Wall |
| 14:07 | Create | Villager (Male) |
| 14:07 | Create | Villager (Male) |
| 14:07 | Create | Villager (Male) |
| 14:07 | Create | Villager (Male) |
| 14:07 | Create | Villager (Male) |
| 14:15 | Build | House |
| 14:42 | Build | Farm |
| 14:45 | Create | Villager (Male) |
| 15:23 | Build | Lumber Camp |
| 15:48 | Build | Stone Wall |
| 16:01 | Research | Double-Bit Axe |
| 16:01 | Research | Double-Bit Axe |
| 16:39 | Build | Farm |
| 17:20 | Create | Villager (Male) |
| 17:21 | Create | Villager (Male) |
Build order — Kolor Peru
93 actions detected in the replay
| 0:01 | Create | Villager (Male) |
| 0:01 | Create | Villager (Male) |
| 0:02 | Build | House |
| 0:04 | Build | House |
| 0:07 | Create | Villager (Male) |
| 0:07 | Create | Villager (Male) |
| 1:43 | Create | Villager (Male) |
| 2:06 | Create | Villager (Male) |
| 2:06 | Create | Villager (Male) |
| 2:13 | Create | Villager (Male) |
| 2:35 | Build | Lumber Camp |
| 2:55 | Create | Villager (Male) |
| 2:55 | Create | Villager (Male) |
| 3:08 | Create | Villager (Male) |
| 3:31 | Build | House |
| 3:32 | Build | House |
| 3:43 | Create | Villager (Male) |
| 3:43 | Create | Villager (Male) |
| 3:43 | Create | Villager (Male) |
| 3:56 | Create | Villager (Male) |
| 3:56 | Create | Villager (Male) |
| 3:57 | Create | Villager (Male) |
| 4:36 | Create | Villager (Male) |
| 4:49 | Create | Villager (Male) |
| 4:49 | Create | Villager (Male) |
| 4:49 | Create | Villager (Male) |
| 5:26 | Create | Villager (Male) |
| 5:36 | Build | Mill |
| 5:45 | Create | Villager (Male) |
| 6:02 | Build | Palisade Wall |
| 6:09 | Create | Villager (Male) |
| 6:10 | Create | Villager (Male) |
| 6:17 | Create | Villager (Male) |
| 6:34 | Research | Loom |
| 7:04 | Research | Feudal Age |
| 8:13 | Create | Villager (Male) |
| 8:38 | Build | Barracks |
| 9:18 | Age | Feudal Age |
| 9:37 | Build | Stable |
| 9:39 | Build | Palisade Wall |
| 9:43 | Create | Villager (Male) |
| 10:04 | Create | Villager (Male) |
| 10:05 | Create | Villager (Male) |
| 10:07 | Build | House |
| 10:20 | Create | Villager (Male) |
| 10:24 | Research | Double-Bit Axe |
| 10:27 | Create | Scout Cavalry |
| 10:28 | Create | Scout Cavalry |
| 10:28 | Create | Scout Cavalry |
| 10:28 | Create | Scout Cavalry |
| 10:41 | Build | House |
| 11:06 | Research | Horse Collar |
| 11:24 | Create | Villager (Male) |
| 11:26 | Build | Farm |
| 11:30 | Build | Farm |
| 11:39 | Create | Villager (Male) |
| 12:02 | Create | Villager (Male) |
| 12:07 | Build | Farm |
| 12:10 | Build | Farm |
| 12:17 | Create | Scout Cavalry |
| 12:25 | Build | Farm |
| 12:30 | Create | Villager (Male) |
| 12:33 | Build | House |
| 12:40 | Build | Palisade Gate |
| 12:41 | Build | House |
| 13:02 | Create | Villager (Male) |
| 13:32 | Create | Villager (Male) |
| 13:41 | Build | Farm |
| 13:50 | Build | House |
| 14:13 | Create | Villager (Male) |
| 14:25 | Build | House |
| 14:28 | Build | Farm |
| 14:29 | Build | Farm |
| 14:32 | Build | Farm |
| 14:35 | Build | Farm |
| 14:39 | Create | Villager (Male) |
| 14:41 | Create | Villager (Male) |
| 14:47 | Build | Market |
| 14:52 | Build | Blacksmith |
| 14:55 | Build | Farm |
| 15:03 | Create | Villager (Male) |
| 15:04 | Create | Villager (Male) |
| 15:23 | Build | Mining Camp |
| 15:35 | Build | Mining Camp |
| 15:38 | Build | Farm |
| 16:17 | Build | Farm |
| 16:30 | Create | Villager (Male) |
| 16:49 | Build | Farm |
| 16:53 | Build | Farm |
| 16:55 | Build | House |
| 17:04 | Build | Farm |
| 17:12 | Research | Castle Age |
| 17:28 | Build | House |
Build order — cls
82 actions detected in the replay
| 0:02 | Build | House |
| 0:04 | Build | House |
| 0:08 | Create | Villager (Male) |
| 0:08 | Create | Villager (Male) |
| 0:09 | Create | Villager (Male) |
| 0:09 | Create | Villager (Male) |
| 0:09 | Create | Villager (Male) |
| 1:34 | Create | Villager (Male) |
| 1:34 | Create | Villager (Male) |
| 2:08 | Create | Villager (Male) |
| 2:21 | Create | Villager (Male) |
| 2:22 | Create | Villager (Male) |
| 2:52 | Create | Villager (Male) |
| 2:52 | Create | Villager (Male) |
| 3:14 | Create | Villager (Male) |
| 3:45 | Build | House |
| 4:01 | Create | Villager (Male) |
| 4:01 | Create | Villager (Male) |
| 4:02 | Create | Villager (Male) |
| 4:18 | Build | Lumber Camp |
| 4:46 | Create | Villager (Male) |
| 4:46 | Create | Villager (Male) |
| 4:47 | Create | Villager (Male) |
| 4:47 | Create | Villager (Male) |
| 5:08 | Build | House |
| 5:21 | Create | Villager (Male) |
| 5:22 | Create | Villager (Male) |
| 5:28 | Build | Mill |
| 5:37 | Create | Villager (Male) |
| 5:37 | Create | Villager (Male) |
| 5:37 | Create | Villager (Male) |
| 6:14 | Create | Villager (Male) |
| 6:14 | Create | Villager (Male) |
| 6:34 | Create | Villager (Male) |
| 6:52 | Build | House |
| 6:53 | Build | House |
| 7:03 | Create | Villager (Male) |
| 7:04 | Create | Villager (Male) |
| 7:04 | Create | Villager (Male) |
| 7:10 | Create | Villager (Male) |
| 7:10 | Create | Villager (Male) |
| 8:16 | Build | Mining Camp |
| 8:33 | Research | Feudal Age |
| 8:55 | Research | Loom |
| 8:56 | Create | Villager (Male) |
| 10:46 | Age | Feudal Age |
| 10:49 | Build | Market |
| 10:52 | Build | Blacksmith |
| 10:54 | Research | Double-Bit Axe |
| 11:19 | Create | Villager (Male) |
| 12:06 | Create | Villager (Male) |
| 12:25 | Research | Castle Age |
| 12:59 | Research | Horse Collar |
| 13:02 | Build | Farm |
| 13:04 | Build | Farm |
| 13:06 | Build | Farm |
| 13:07 | Build | Farm |
| 13:18 | Build | House |
| 13:20 | Create | Villager (Male) |
| 13:22 | Create | Villager (Male) |
| 13:39 | Research | Gold Mining |
| 15:05 | Build | Barracks |
| 15:11 | Build | Farm |
| 15:11 | Age | Castle Age |
| 15:13 | Build | Farm |
| 15:15 | Build | Farm |
| 15:19 | Research | Bow Saw |
| 15:46 | Build | Town Center |
| 15:52 | Build | Farm |
| 15:53 | Build | Farm |
| 16:00 | Create | Villager (Male) |
| 16:25 | Build | Archery Range |
| 16:32 | Create | Villager (Male) |
| 16:49 | Build | House |
| 16:52 | Build | House |
| 16:54 | Build | House |
| 16:57 | Research | Fletching |
| 16:58 | Research | Padded Archer Armor |
| 17:04 | Build | Palisade Wall |
| 17:10 | Create | Unit 1952 |
| 17:12 | Create | Unit 1952 |
| 17:14 | Create | Villager (Male) |
Build order — mitocondria
97 actions detected in the replay
| 0:02 | Research | Loom |
| 0:05 | Build | House |
| 0:07 | Build | House |
| 0:10 | Create | Villager (Male) |
| 0:10 | Create | Villager (Male) |
| 0:10 | Create | Villager (Male) |
| 0:11 | Create | Villager (Male) |
| 1:19 | Create | Villager (Male) |
| 1:20 | Create | Villager (Male) |
| 2:04 | Create | Villager (Male) |
| 2:33 | Create | Villager (Male) |
| 2:55 | Create | Villager (Male) |
| 2:55 | Create | Villager (Male) |
| 3:25 | Create | Villager (Male) |
| 3:25 | Create | Villager (Male) |
| 3:47 | Build | Lumber Camp |
| 3:54 | Create | Villager (Male) |
| 3:54 | Create | Villager (Male) |
| 3:54 | Create | Villager (Male) |
| 4:14 | Build | House |
| 4:19 | Create | Villager (Male) |
| 4:47 | Create | Villager (Male) |
| 4:48 | Create | Villager (Male) |
| 5:06 | Create | Villager (Male) |
| 6:18 | Create | Villager (Male) |
| 6:53 | Create | Villager (Male) |
| 6:57 | Build | Mill |
| 7:24 | Research | Feudal Age |
| 8:00 | Create | Villager (Male) |
| 8:00 | Create | Villager (Male) |
| 8:08 | Build | House |
| 8:27 | Build | Barracks |
| 8:47 | Build | Palisade Wall |
| 8:49 | Build | House |
| 8:58 | Build | Mining Camp |
| 9:36 | Age | Feudal Age |
| 9:53 | Build | Archery Range |
| 10:09 | Research | Double-Bit Axe |
| 10:20 | Build | House |
| 10:21 | Create | Villager (Male) |
| 10:34 | Build | Palisade Wall |
| 10:38 | Create | Archer |
| 10:40 | Create | Villager (Male) |
| 10:43 | Create | Archer |
| 10:55 | Research | Horse Collar |
| 10:55 | Research | Horse Collar |
| 11:01 | Build | Palisade Wall |
| 11:02 | Create | Villager (Male) |
| 11:08 | Build | House |
| 11:19 | Build | Palisade Wall |
| 11:23 | Build | Palisade Wall |
| 11:27 | Create | Villager (Male) |
| 11:28 | Create | Archer |
| 11:51 | Build | Farm |
| 11:54 | Create | Villager (Male) |
| 11:57 | Build | Palisade Wall |
| 12:01 | Build | Palisade Wall |
| 12:04 | Build | Palisade Wall |
| 12:13 | Create | Archer |
| 12:14 | Create | Villager (Male) |
| 12:24 | Build | Palisade Wall |
| 12:31 | Build | Palisade Gate |
| 12:35 | Build | Palisade Wall |
| 12:40 | Create | Archer |
| 12:41 | Create | Villager (Male) |
| 12:52 | Build | Blacksmith |
| 13:11 | Create | Archer |
| 13:25 | Create | Villager (Male) |
| 13:33 | Create | Villager (Male) |
| 13:38 | Build | Farm |
| 13:43 | Build | Farm |
| 13:43 | Build | Farm |
| 13:44 | Build | Farm |
| 13:49 | Build | House |
| 13:51 | Create | Archer |
| 14:02 | Build | Farm |
| 14:07 | Create | Villager (Male) |
| 14:45 | Create | Archer |
| 14:47 | Research | Fletching |
| 14:48 | Create | Villager (Male) |
| 14:53 | Build | House |
| 14:57 | Build | Farm |
| 14:59 | Build | Farm |
| 15:10 | Create | Villager (Male) |
| 15:12 | Create | Archer |
| 15:19 | Build | Farm |
| 15:25 | Build | Farm |
| 15:32 | Research | Wheelbarrow |
| 15:39 | Build | Palisade Wall |
| 15:42 | Build | House |
| 15:44 | Build | Farm |
| 16:44 | Create | Villager (Male) |
| 16:46 | Build | Market |
| 16:51 | Build | Farm |
| 16:52 | Build | Farm |
| 17:20 | Create | Archer |
| 17:22 | Create | Archer |
Match timeline
| 4:03 | MineirodeOuro · wall_segment Palisade Wall x2 |
| 4:48 | MineirodeOuro · wall_segment Palisade Wall x10 |
| 6:02 | Kolor Peru · wall_segment Palisade Wall x1 |
| 6:03 | 76561199110440399 · wall_segment Palisade Wall x7 |
| 6:06 | 76561199110440399 · wall_segment Palisade Wall x3 |
| 6:38 | MineirodeOuro · wall_segment Palisade Wall x18 |
| 6:55 | MineirodeOuro · wall_segment Palisade Wall x11 |
| 6:56 | 76561199110440399 · wall_segment Palisade Wall x1 |
| 7:32 | MineirodeOuro · wall_segment Palisade Wall x3 |
| 7:42 | BiasIce6620 · first_building Barracks |
| 8:21 | Chchn · first_building Barracks |
| 8:27 | mitocondria · first_building Barracks |
| 8:36 | 76561199110440399 · wall_segment Palisade Wall x10 |
| 8:38 | Kolor Peru · first_building Barracks |
| 8:47 | mitocondria · wall_segment Palisade Wall x4 |
| 8:50 | IndiosAnónimos · first_building Barracks |
| 9:05 | IndiosAnónimos · wall_segment Palisade Wall x4 |
| 9:12 | MineirodeOuro · wall_segment Palisade Wall x1 |
| 9:16 | MineirodeOuro · wall_segment Palisade Wall x10 |
| 9:18 | Kolor Peru · age_up feudal |
| 9:36 | mitocondria · age_up feudal |
| 9:37 | Kolor Peru · first_building Stable |
| 9:37 | IndiosAnónimos · age_up feudal |
| 9:39 | Kolor Peru · wall_segment Palisade Wall x10 |
| 9:45 | Chchn · age_up feudal |
| 9:45 | BiasIce6620 · age_up feudal |
| 9:48 | BiasIce6620 · first_building Archery Range |
| 9:51 | Chchn · first_building Stable |
| 9:53 | mitocondria · first_building Archery Range |
| 10:01 | MineirodeOuro · wall_segment Palisade Wall x5 |
| 10:11 | MineirodeOuro · wall_segment Palisade Wall x9 |
| 10:25 | MineirodeOuro · wall_segment Palisade Wall x1 |
| 10:26 | 76561199110440399 · wall_segment Palisade Wall x4 |
| 10:34 | mitocondria · wall_segment Palisade Wall x7 |
| 10:39 | MineirodeOuro · wall_segment Palisade Wall x5 |
| 10:46 | cls · age_up feudal |
| 10:52 | 76561199110440399 · wall_segment Palisade Wall x3 |
| 10:55 | IndiosAnónimos · wall_segment Palisade Wall x3 |
| 11:01 | MineirodeOuro · wall_segment Palisade Wall x10 |
| 11:01 | mitocondria · wall_segment Palisade Wall x8 |
| 11:03 | 76561199110440399 · age_up feudal |
| 11:04 | 76561199110440399 · wall_segment Palisade Wall x1 |
| 11:19 | mitocondria · wall_segment Palisade Wall x3 |
| 11:22 | MineirodeOuro · wall_segment Palisade Wall x5 |
| 11:23 | mitocondria · wall_segment Palisade Wall x1 |
| 11:57 | mitocondria · wall_segment Palisade Wall x2 |
| 12:01 | mitocondria · wall_segment Palisade Wall x1 |
| 12:04 | mitocondria · wall_segment Palisade Wall x5 |
| 12:24 | mitocondria · wall_segment Palisade Wall x1 |
| 12:25 | MineirodeOuro · age_up feudal |
| 12:32 | MineirodeOuro · wall_segment Stone Wall x4 |
| 12:35 | mitocondria · wall_segment Palisade Wall x1 |
| 13:27 | MineirodeOuro · wall_segment Stone Wall x7 |
| 13:38 | 76561199110440399 · wall_segment Palisade Wall x1 |
| 13:40 | 76561199110440399 · wall_segment Palisade Wall x1 |
| 13:42 | 76561199110440399 · wall_segment Palisade Wall x1 |
| 13:44 | MineirodeOuro · wall_segment Stone Wall x6 |
| 13:44 | 76561199110440399 · wall_segment Palisade Wall x1 |
| 13:50 | MineirodeOuro · wall_segment Stone Wall x3 |
| 15:05 | cls · first_building Barracks |
| 15:11 | cls · age_up castle |
| 15:39 | mitocondria · wall_segment Palisade Wall x1 |
| 15:48 | 76561199110440399 · wall_segment Stone Wall x7 |
| 15:57 | MineirodeOuro · wall_segment Palisade Wall x3 |
| 16:25 | cls · first_building Archery Range |
| 16:38 | IndiosAnónimos · wall_segment Palisade Wall x4 |
| 16:39 | MineirodeOuro · resign |
| 17:04 | cls · wall_segment Palisade Wall x1 |
| 17:12 | IndiosAnónimos · wall_segment Palisade Wall x3 |
[ AI ANALYSIS · 1 CREDIT ]
What really happened in this match?
Wolo.gg analyzes every decision: build order, eco, micro, common mistakes by bracket. Personalized analysis on WhatsApp or Discord in 30 seconds.
Civ guide
Franks
Perfil
Jugador #2393569